AoeStats
← Scar

Black Forest

510341848Analyzed
4v4 RM · 1d ago on Sep 30, 2026· 57m 52s· 8 players
Game mode
Random Map
Map size
Large (8 player)
Population
200
Speed
Normal
Resources
Standard
Victory
Conquest
Starting age
Dark Age
Ending age
Imperial Age
RankedLock teamsTeams togetherTeam positionsShared explorationLock speedFull tech treeHidden civsTurbo modeCheats
Victory
Defeat
🇭🇰 Poles · Hong Kong SAR China
1357
+12
🇭🇰 Vietnamese · Hong Kong SAR China
1247
+16
🇩🇪 Burgundians · Germany
1239
+17
🇭🇰 Bohemians · Hong Kong SAR China
1235
+17
🇫🇷 Saracens · France
1284
-17
🇮🇳 Ethiopians · India
1260
-16
🇨🇳 Mongols · China
1252
-15
🇭🇰 Khmer · Hong Kong SAR China
1228
-14
BLADE
0:57 Loom
10:17 Feudal Age
10:59 Double-Bit Axe
12:37 Fletching
18:02 Castle Age
18:16 Crossbowman
18:53 Bodkin Arrow
19:24 Bow Saw
22:09 Wheelbarrow
22:17 Horse Collar
35:20 Heavy Plow
虫
1:47 Loom
10:43 Feudal Age
16:10 Castle Age
15:35 Double-Bit Axe
17:20 Bow Saw
18:03 Horse Collar
19:22 Heavy Plow
23:20 Wheelbarrow
22:37 Town Watch
25:20 Gold Mining
25:22 Stone Mining
27:07 Hand Cart
29:35 Gold Shaft Mining
34:01 Imperial Age
31:48 Scale Barding Armor
32:28 Husbandry
32:39 Bloodlines
32:50 Chain Barding Armor
32:41 Forging
33:34 Stone Shaft Mining
33:01 Town Patrol
34:23 Iron Casting
35:18 Conscription
36:16 Plate Barding Armor
37:04 Crop Rotation
37:37 Blast Furnace
飘雪
8:35 Loom
11:11 Feudal Age
16:06 Castle Age
14:21 Double-Bit Axe
15:00 Horse Collar
15:56 Gold Mining
15:58 Stone Mining
17:04 Bow Saw
18:08 Heavy Plow
27:25 Fletching
27:36 Padded Archer Armor
28:19 Wheelbarrow
28:50 Bodkin Arrow
29:10 Leather Archer Armor
32:30 Imperial Age
30:59 Bloodlines
30:49 Husbandry
33:21 Hand Cart
34:46 Chemistry
34:06 Ballistics
34:40 Conscription
33:55 Elite Mangudai
35:55 Thumb Ring
36:16 Parthian Tactics
36:52 Caravan
38:34 Bracer
38:44 Heavy Camel Rider
39:37 Forging
39:32 Scale Barding Armor
39:56 Light Cavalry
41:23 Iron Casting
42:02 Hussar
43:52 Blast Furnace
43:13 Chain Barding Armor
49:31 Masonry
57:52 Hoardings
FxSquale
6:29 Loom
10:53 Feudal Age
14:32 Castle Age
12:39 Double-Bit Axe
15:31 Bow Saw
19:55 Horse Collar
23:37 Wheelbarrow
25:47 Hand Cart
26:32 Scale Barding Armor
27:50 Forging
29:25 Heavy Plow
29:54 Town Watch
33:53 Imperial Age
32:09 Iron Casting
32:48 Bloodlines
32:39 Husbandry
32:40 Gold Mining
32:59 Caravan
34:27 Gold Shaft Mining
34:16 Chain Barding Armor
34:58 Conscription
34:09 Elite Mameluke
36:27 Plate Barding Armor
36:49 Siege Engineers
40:01 Chemistry
44:02 Blast Furnace
42:34 Light Cavalry
44:03 Hussar
51:27 Onager
53:47 Fletching
53:36 Siege Onager
YYS
7:25 Loom
11:38 Feudal Age
15:51 Castle Age
13:48 Double-Bit Axe
13:46 Horse Collar
17:05 Bow Saw
19:01 Fervor
25:33 Wheelbarrow
29:02 Hand Cart
34:45 Heavy Plow
35:55 Pikeman
36:35 Squires
36:21 Arson
38:13 Fletching
38:24 Padded Archer Armor
39:34 Bodkin Arrow
39:55 Leather Archer Armor
39:26 Elite Skirmisher
42:47 Imperial Age
42:59 Chemistry
42:21 Ballistics
42:42 Scale Mail Armor
42:53 Forging
43:42 Chain Mail Armor
43:02 Imperial Skirmisher
45:03 Two-Man Saw
44:28 Conscription
44:17 Bracer
44:48 Ring Archer Armor
45:33 Iron Casting
45:18 Halberdier
46:30 Plate Mail Armor
49:35 Blast Furnace
51:26 Houfnice
58:17 Siege Engineers
YIU
0:43 Loom
12:15 Feudal Age
15:32 Double-Bit Axe
15:30 Horse Collar
18:50 Bloodlines
19:41 Gold Mining
22:10 Castle Age
21:59 Scale Barding Armor
24:34 Light Cavalry
25:36 Forging
29:35 Chain Barding Armor
31:30 Wheelbarrow
31:58 Iron Casting
32:33 Szlachta Privileges
33:31 Husbandry
37:38 Imperial Age
35:33 Bow Saw
35:59 Heavy Plow
37:40 Cavalier
39:24 Blast Furnace
38:55 Winged Hussar
41:46 Hand Cart
46:04 Hand Cart
51:10 Crop Rotation
51:54 Stone Mining
YKY
10:53 Feudal Age
15:21 Castle Age
14:34 Bloodlines
16:44 Loom
16:48 Double-Bit Axe
17:54 Wheelbarrow
21:47 Horse Collar
24:23 Hand Cart
27:11 Heavy Plow
28:25 Fletching
28:35 Padded Archer Armor
32:09 Imperial Age
29:43 Bodkin Arrow
31:37 Leather Archer Armor
31:33 Forging
30:50 Elite Skirmisher
31:45 Scale Mail Armor
31:54 Thumb Ring
33:06 Bracer
33:36 Ring Archer Armor
34:24 Iron Casting
34:56 Imperial Skirmisher
37:14 Chemistry
36:27 Husbandry
39:32 Chain Mail Armor
39:23 Scale Barding Armor
40:02 Crop Rotation
40:36 Bow Saw
40:40 Stone Mining
40:41 Gold Mining
41:54 Two-Man Saw
41:58 Chain Barding Armor
42:08 Plate Mail Armor
46:53 Plate Barding Armor
47:50 Pikeman
48:31 Squires
48:16 Arson
49:14 Elite Rattan Archer
50:31 Halberdier
51:00 Elite Fire Lancer
Scar
2:30 Loom
9:39 Double-Bit Axe
11:38 Feudal Age
10:08 Horse Collar
16:19 Castle Age
14:51 Bow Saw
19:00 Two-Man Saw
18:15 Heavy Plow
21:31 Wheelbarrow
20:44 Town Watch
21:35 Crop Rotation
24:26 Gold Mining
29:17 Hand Cart
32:24 Imperial Age
30:46 Gold Shaft Mining
30:02 Stone Mining
30:32 Scale Barding Armor
30:38 Forging
31:34 Chain Barding Armor
31:31 Fletching
31:07 Cavalier
31:47 Husbandry
32:46 Iron Casting
32:20 Town Patrol
34:12 Chemistry
32:35 Paladin
33:51 Plate Barding Armor
33:34 Guilds
33:05 Pikeman
33:46 Squires
33:31 Arson
34:22 Ballistics
34:15 Masonry
35:19 Blast Furnace
35:18 Conscription
34:29 Flemish Revolution
35:09 Burgundian Vineyards
35:40 Hoardings
34:57 Fletching
36:18 Scale Mail Armor
35:43 Halberdier
38:14 Light Cavalry
39:11 Chain Mail Armor
38:52 Bodkin Arrow
39:46 Padded Archer Armor
40:31 Bracer
41:29 Architecture
40:40 Treadmill Crane
42:10 Leather Archer Armor
41:50 Elite Skirmisher
42:30 Imperial Skirmisher
43:30 Caravan
44:35 Plate Mail Armor
44:26 Hussar
49:42 Onager
53:04 Man-at-Arms
Connection lost

Rejoining the realm…

Still unreachable

The connection could not be restored.

Session expired

The server has moved on; the page needs a fresh start.